 Dungeon Crawl Stone Soup version 0.22-a0-91-g23542c2 (webtiles) character file.

39 KristoblXynda the Insei (level 3, -2/28 HPs)
             Began as a Draconian Transmuter on Jan 22, 2018.
             Slain by a worm (8 damage)
             ... on level 2 of the Dungeon.
             The game lasted 00:02:14 (1200 turns).

KristoblXynda the Insei (Draconian Transmuter)      Turns: 1200, Time: 00:02:15

Health: -2/28      AC:  5    Str: 12    XL:     3   Next: 26%
Magic:  4/6        EV: 16    Int: 13    God:
Gold:   51         SH:  0    Dex: 12    Spells: 5/6 levels left

rFire    . . .     SeeInvis .     - Unarmed
rCold    . . .     Gourm    .   (no shield)
rNeg     . . .     Faith    .   (armour unavailable)
rPois    .         Spirit   .   (helmet restricted)
rElec    .         Reflect  .   (no cloak)
rCorr    .         Harm     .   (no gloves)
MR       .....                  (boots currently unavailable)
Stlth    +.........             d - amulet of rage
HPRegen  0.09/turn              g - +4 ring of evasion
MPRegen  0.10/turn              (no ring)

@: appendage, very slightly contaminated
A: unfitting armour, talons 3, cold-blooded, AC +5
a: End Transformation, Evoke Berserk Rage


You were on level 2 of the Dungeon.
You were not hungry.
You had grown temporary talons.
You visited 1 branch of the dungeon, and saw 2 of its levels.

You collected 51 gold pieces.

Inventory:

Jewellery
 d - an amulet of rage (around neck)
 g - a +4 ring of evasion (left hand)
Scrolls
 e - a scroll of enchant weapon {unknown}
Potions
 a - a potion of magic {unknown}
 f - 2 potions of might {unknown}
Books
 b - a book of Changes

   Spells                             Type                      Level
   a - Beastly Appendage              Transmutation                1
   b - Sticks to Snakes               Transmutation                2
   c - Spider Form                    Transmutation/Poison         3
   d - Ice Form                       Ice/Transmutation            4
   e - Blade Hands                    Transmutation                5
Comestibles
 c - 2 rations
 h - a chunk of flesh


   Skills:
 - Level 1.1 Fighting
 - Level 2.0 Dodging
 * Level 3.8 Unarmed Combat
 - Level 2.0 Spellcasting
 + Level 2.6 Transmutations


You had 5 spell levels left.
You knew the following spells:

 Your Spells              Type           Power        Failure   Level  Hunger
a - Beastly Appendage     Tmut           #.....       9%          1    ##.....


Dungeon Overview and Level Annotations

Branches:
Dungeon (2/15)

Altars:


Innate Abilities, Weirdness & Mutations

Your plain brown scales are hard. (AC +5)
You cannot fit into any form of body armour.
You are cold-blooded and may be slowed by cold attacks.
You have claws for feet.


Message History

You hit the worm.
The worm is heavily wounded.
You barely miss the worm.
The worm is heavily wounded.
The worm bites you!
* * * LOW HITPOINT WARNING * * *
Casting: Beastly Appendage
Confirm with . or Enter, or press ? or * to list all spells.
You miscast Beastly Appendage.
You are very lightly contaminated with residual magic.
Strange energies run through your body.
You hit the worm.
The worm is heavily wounded.
Casting: Beastly Appendage
Confirm with . or Enter, or press ? or * to list all spells.
Your feet morph into talons.
You hit the worm but do no damage.
The worm is moderately wounded.
The worm bites you!
You die...

..#.###.##....##. #....
................. .....
. .#.#.#.#).###### .....
.. #.#.....# .....
#.###+#....##.### .....
#..........#....#......
#......#...#....#>.....
.#.....w#...#....#......
.......@#...#....#..#+##
.#####......'....#..#. #
####...#....#..#. #
#...#....#..#.##
#...###.....#..# #####
#.###.##.# #.# #.##.#
#.# #†##.# #.# #.....


You could see a worm.

Vanquished Creatures
  An ooze (D:2)
  A worm (D:2)
  2 dart slugs (D:1)
  2 leopard geckos (D:1)
  A ball python (D:1)
  2 giant cockroaches
  3 hobgoblins
  6 kobolds
  A frilled lizard (D:1)
  3 goblins
  4 rats (D:1)
26 creatures vanquished.

Notes
Turn   | Place    | Note
-------+----------+-------------------------------------------
     0 | D:1      | KristoblXynda the Draconian Transmuter began the quest for the Orb.
     0 | D:1      | Reached XP level 1. HP: 16/16 MP: 3/3
   204 | D:1      | Reached XP level 2. HP: 23/23 MP: 5/5
   816 | D:2      | Reached XP level 3. HP: 21/28 MP: 6/6
  1200 | D:2      | Slain by a worm

Vault maps used:
D:1:      minmay_arrival_jagged

Skill      XL: |  1 |
---------------+----+-----
Dodging        | 2 |  2.0
Fighting       | |  1.1
Unarmed Combat | |  3.8
Spellcasting   | |  2.0
Transmutations | |  2.6

Action                   || total
-------------------------++-------
Melee: Unarmed           ||   119
       Tailslap          ||    15
       Punch             ||     1
 Cast: Beastly Appendage ||     1
 Stab: Sleeping          ||     1
  Eat: Chunk             ||     1
Armor: Skin              ||    20
Dodge: Dodged            ||    61

Table legend:
 A = Spawn XP
 B = Non-spawn XP
 C = Spawn XP percentage of total XP
 D = Spawn monster count
 E = Non-spawn monster count
 F = Spawn count percentage of total count
 G = Total turns spent on level
                    A         B        C        D         E        F      G
               +---------+---------+-------+---------+---------+-------+---------
         Total |       0 |      56 |   0.0 |       0 |      26 |   0.0 |  1200
               +---------+---------+-------+---------+---------+-------+---------
           D:1 |       0 |      33 |   0.0 |       0 |      18 |   0.0 |   770
           D:2 |       0 |      23 |   0.0 |       0 |       8 |   0.0 |   430
               +---------+---------+-------+---------+---------+-------+---------
